cohdb
Replays
Latest Replays
All Replays
Popular Replays
Top Player Replays
Match Explorer
How It Works
Community
CoH3 Stats
Reddit
Sign in to upload your games and track your stats! →
Sign in with Steam
Match 47137969
Unlisted
Match 47137969
Overview
Messages
Build Orders
End
Scout Squad
Construct Barracks
Selects Armored Battlegroup
Selects Veteran Crews
Riflemen Squad
Riflemen Squad
Grenade Package
Construct Medical Station
Selects Field Repairs
Riflemen Squad
Riflemen Squad
Infantry Support Center
M1918 Browning Automatic Rifles
Selects Field Repairs
Riflemen Squad
Riflemen Squad
Riflemen Squad
Riflemen Squad
Advanced Logistics
Munitions Surplus
Selects War Machine
Selects Strength in Steel
Selects M8 Scott SPG
Selects UNKNOWN (2160077)
Construct Motor Pool
M1 Anti-tank Gun Team
M1 Anti-tank Gun Team
Overgrown Cumshot
Goodvyn
0
0
Comments
sign in to comment!
No comments posted yet!